 Dungeon Crawl Stone Soup version 0.26-a0-739-gf55cbd344a (webtiles) character file.

Game seed: 237073002623450944

70 iamoutofideas the Digger (level 4, -7/39 HPs)
             Began as a Troll Earth Elementalist on Nov 5, 2020.
             Mangled by a gnoll
             ... wielding a +0 flail
              (8 damage)
             ... on level 2 of the Dungeon.
             The game lasted 00:02:21 (1033 turns).

iamoutofideas the Digger (Troll Earth Elementalist) Turns: 1033, Time: 00:02:22

Health: -7/39      AC:  7    Str: 17    XL:     4   Next: 4%
Magic:  3/5        EV: 10    Int: 11    God:
Gold:   49         SH:  0    Dex: 10    Spells: 5/6 levels left

rFire    + . .     SeeInvis .     - Unarmed
rCold    . . .     Faith    .   (no shield)
rNeg     . . .     Spirit   .   m - +1 robe {rF+}
rPois    .         Reflect  .   (helmet restricted)
rElec    .         Harm     .   f - scarf {repulsion}
rCorr    .         Rampage  .   (gloves unavailable)
MR       .....                  (boots unavailable)
Stlth    +.........             (no amulet)
HPRegen  0.53/turn              (no ring)
MPRegen  0.09/turn              (no ring)

@: brilliant, flying, repel missiles
A: large, unfitting armour, claws 3, regeneration 1, shaggy fur 1, tough skin 3
a: no special abilities


You were on level 2 of the Dungeon.
You visited 1 branch of the dungeon, and saw 2 of its levels.

You collected 49 gold pieces.

Inventory:

Missiles
 b - 177 stones (quivered)
Armour
 f - a scarf of repulsion (worn)
 g - a +0 cloak
 m - a +1 robe of fire resistance (worn)
Wands
 l - a wand of iceblast (10)
Scrolls
 a - 2 scrolls of identify {unknown}
 e - 3 scrolls of remove curse {unknown}
 j - a scroll of magic mapping {unknown}
 k - a scroll of amnesia {unknown}
Potions
 c - a potion of heal wounds {unknown}


   Skills:
 + Level 2.0 Dodging
 + Level 1.2 Stealth
 * Level 2.3 Unarmed Combat
 + Level 1.5 Spellcasting
   Level 0.6 Transmutations
 + Level 3.0 Earth Magic


You had 5 spell levels left.
You knew the following spells:

 Your Spells              Type           Power        Failure   Level
a - Sandblast             Erth           ##....       9%          1

Your spell library contained the following spells:

 Spells                   Type           Power        Failure   Level
 Passwall                 Tmut/Erth      #.......     22%         2
 Stone Arrow              Conj/Erth      #.....       45%         3
 Petrify                  Tmut/Erth      #.......     82%         4
 Lee's Rapid Deconstruct  Erth           ##........   94%         5


Dungeon Overview and Level Annotations

Branches:
Dungeon (2/15)

Altars:
Wu Jian


Innate Abilities, Weirdness & Mutations

You are too large for most types of armour.
You have claws for hands.
Your natural rate of healing is unusually fast.
You are covered in fur. (AC +1)
You have extremely tough skin. (AC +3)


Message History

* * * LOW HITPOINT WARNING * * *
It was a potion of curing.
You feel better.
The gnoll hits you from afar with a +0 halberd.
* * * LOW HITPOINT WARNING * * *
The gnoll hits you with a +0 flail.
* * * LOW HITPOINT WARNING * * *
You feel better. The gnoll misses you. The gnoll barely misses you.
It was a potion of brilliance.
You feel clever all of a sudden.
The gnoll hits you from afar with a +0 halberd.
* * * LOW HITPOINT WARNING * * *
It was a potion of flight.
You feel very buoyant.
You fly up into the air.
The gnoll hits you with a +0 flail!
* * * LOW HITPOINT WARNING * * *
You feel better.
The gnoll hits you from afar with a +0 halberd!
* * * LOW HITPOINT WARNING * * *
The gnoll hits you with a +0 flail!
You die...

#########..# #r##.#
#.### #.##.#
#.#r######.##.#
#..#..rg.K.##.#
##.###.#######.#
#.## ##K.......#
######.###g#########
.......rg#.##
#########@## ###


You could see 2 gnolls, a kobold and a rat.

Vanquished Creatures
  A gnoll (D:2)
  An adder (D:2)
  An ooze (D:2)
  2 worms (D:2)
  A dart slug (D:1)
  4 bats
  A giant cockroach (D:1)
  7 goblins
  4 hobgoblins
  7 jackals (D:1)
  2 frilled lizards (D:1)
  4 kobolds
  3 rats (D:1)
38 creatures vanquished.

Notes
Turn   | Place    | Note
-------+----------+-------------------------------------------
     0 | D:1      | iamoutofideas the Troll Earth Elementalist began the quest
                  | for the Orb.
     0 | D:1      | Reached XP level 1. HP: 16/16 MP: 1/1
   172 | D:1      | Reached XP level 2. HP: 23/24 MP: 3/3
   509 | D:1      | Reached skill level 3 in Earth Magic
   525 | D:1      | Reached skill level 1 in Unarmed Combat
   529 | D:1      | Reached XP level 3. HP: 24/31 MP: 4/4
   865 | D:2      | Found an ornate altar of the Wu Jian Council.
  1026 | D:2      | Reached XP level 4. HP: 13/39 MP: 2/5
  1028 | D:2      | HP: 1/39 [gnoll/+0 flail (7)]
  1033 | D:2      | HP: 1/39 [gnoll/+0 halberd (8)]
  1033 | D:2      | Mangled by a gnoll

Illustrated notes

Levels and vault maps discovered:
D:1:      lemuel_arrival_lava_pool, layout_rooms, roderic_roman_lattice,
          grunt_decor_one_mirror
D:2:      layout_loops_ring, bloody_makhleb, marbit_many_paths, st_stairs_1,
          minivault_14, okawaru_metal_pillars_1_2

Skill      XL: |  1  2  3 |
---------------+----------+-----
Earth Magic    | 3 |  3.0
Unarmed Combat | 1 2 |  2.3
Dodging        | 2 |  2.0
Stealth        | |  1.2
Spellcasting   | |  1.5
Transmutations | |  0.6

Action                   |  1- 3 |  4- 6 || total
-------------------------+-------+-------++-------
Melee: Unarmed           |   114 |     2 ||   116
       Punch             |     2 |       ||     2
 Cast: Sandblast         |     7 |       ||     7
  Use: Potion            |       |     5 ||     5
 Stab: Sleeping          |     3 |       ||     3
Armor: Robe              |    50 |       ||    50
Dodge: Dodged            |    96 |     4 ||   100

Table legend: (Time is in decaauts)
 A = Elapsed time spent in this place.
 B = Non-inter-level travel time spent in this place.
 C = Inter-level travel time spent in this place.
 D = Time resting spent in this place.
 E = Time spent auto-exploring this place.
 F = Levels seen in this place.
 G = Mean time per level.
                   A        B        C        D        E       F      G
               +--------+--------+--------+--------+--------+-----+--------+
         Total |   1030 |    943 |     87 |     20 |    588 |   2 |  515.0 |
       Dungeon |   1030 |    943 |     87 |     20 |    588 |   2 |  515.0 |
               +--------+--------+--------+--------+--------+-----+--------+

Top non-repeatable levels by time:
     D:1: 691 daAuts
     D:2: 339 daAuts
